 Dungeon Crawl Stone Soup version 0.25.1-2-g60ff931df9 (webtiles) character file.

Game seed: 3155456940332443428

11793 DogServant the Zephyrmancer (level 11, -7/64 HPs)
             Began as a Tengu Air Elementalist on Oct 15, 2020.
             Was an Elder of Vehumet.
             Mangled by a warg (12 damage)
             ... on level 1 of the Orcish Mines.
             The game lasted 00:40:32 (17011 turns).

DogServant the Zephyrmancer (TeAE)                 Turns: 17011, Time: 00:40:34

Health: -7/64      AC:  4    Str: 10    XL:     11   Next: 83%
Magic:  11/30      EV: 16    Int: 20    God:    Vehumet [****..]
Gold:   574        SH:  0    Dex: 16    Spells: 4/22 levels left

rFire    + . .     SeeInvis +   h - +5 quarterstaff (protect)
rCold    + . .     Gourm    .   (shield currently unavailable)
rNeg     . . .     Faith    .   G - +0 leather armour of the Zebra {Str+2 Int+2}
rPois    .         Spirit   .   (helmet restricted)
rElec    .         Reflect  .   v - scarf {rC+ rF+}
rCorr    .         Harm     .   q - +0 pair of gloves
MR       .....                  (boots unavailable)
Stlth    ++........             I - amulet of regeneration
HPRegen  0.60/turn              t - ring of magical power
MPRegen  0.22/turn              D - ring of see invisible

@: swift, flying quickly and evasively, very quick
A: beak, talons 3, able to fly
a: Stop Flying, Renounce Religion


You were on level 1 of the Orcish Mines.
You worshipped Vehumet.
Vehumet was greatly pleased with you.
You were not hungry.

You visited 3 branches of the dungeon, and saw 14 of its levels.
You also visited: Sewer.

You collected 802 gold pieces.
You spent 228 gold pieces at shops.

Inventory:

Hand Weapons
 h - a +5 quarterstaff of protection (weapon)
 o - a +0 short sword of freezing
Missiles
 n - 3 javelins (quivered)
Armour
 a - a +0 robe
 e - a +1 cloak
 q - a +0 pair of gloves (worn)
 v - a scarf of resistance (worn)
 G - the +0 leather armour of the Zebra (worn) {Str+2 Int+2}
   (You bought it in a shop on level 11 of the Dungeon)

   It affects your strength (+2).
   It affects your intelligence (+2).
 L - a +0 buckler
Jewellery
 t - a ring of magical power (left hand)
 C - an uncursed ring of resist corrosion
 D - a ring of see invisible (right hand)
 I - an amulet of regeneration (around neck)
 K - an uncursed ring of ice
Wands
 b - a wand of polymorph (2)
 E - a wand of random effects (59)
 F - a wand of clouds (5)
 J - a wand of disintegration (16)
 N - a wand of enslavement (11)
Scrolls
 f - 8 scrolls of teleportation
 k - a scroll of amnesia
 r - 5 scrolls of remove curse
 s - 5 scrolls of identify
 w - 2 scrolls of vulnerability {unknown}
 A - 2 scrolls of fog
 B - 3 scrolls of enchant armour
Potions
 d - a potion of haste
 g - 6 potions of curing
 i - a potion of magic
 j - a potion of brilliance
 l - 3 potions of degeneration
 m - 3 potions of lignification
 p - 4 potions of flight
 u - a potion of berserk rage
 x - 2 potions of stabbing
 z - a potion of invisibility
 H - 3 potions of might
Comestibles
 c - 19 rations


   Skills:
 - Level 6.0 Fighting
 - Level 3.0 Staves
 + Level 2.0 Armour
 - Level 4.2 Dodging
 - Level 2.0 Stealth
 + Level 1.8 Shields
 - Level 6.3 Spellcasting
 + Level 10.9 Conjurations
 - Level 6.2 Fire Magic
 + Level 13.0 Air Magic
 - Level 5.4 Evocations


You had 4 spell levels left.
You knew the following spells:

 Your Spells              Type           Power        Failure   Level  Hunger
a - Shock                 Conj/Air       ####         1%          1    None
b - Static Discharge      Conj/Air       ######..     1%          3    ##.....
c - Swiftness             Chrm/Air       ####....     1%          2    None
d - Airstrike             Air            ######....   1%          4    ####...
e - Lightning Bolt        Conj/Air       ######....   1%          5    #####..
f - Inner Flame           Hex/Fire       ###.....     3%          3    ##.....

Your spell library contained the following spells:

 Spells                   Type           Power        Failure   Level  Hunger
 Freezing Cloud           Conj/Ice/Air   #####.....   19%         6    #######
 Magic Dart               Conj           ####         1%          1    None
 Conjure Flame            Conj/Fire      #####...     1%          3    ##.....
 Mephitic Cloud           Conj/Pois/Air  #####...     1%          3    ##.....
 Beastly Appendage        Tmut           #.....       13%         1    None
 Summon Butterflies       Summ           #.......     13%         1    None
 Blink                    Tloc           N/A          21%         2    None
 Call Imp                 Summ           #.......     21%         2    None
 Slow                     Hex            #.......     21%         2    None
 Sticks to Snakes         Tmut           #.......     21%         2    None
 Spider Form              Tmut/Pois      #.........   36%         3    ##.....
 Ice Form                 Ice/Tmut       #.......     78%         4    ####...
 Blade Hands              Tmut           #.........   98%         5    #####..


Dungeon Overview and Level Annotations

Branches:
Dungeon (12/15)            Temple (1/1) D:5            Lair (0/6) D:9
    Orc (1/2) D:12          Sewer (visited)

Altars:
Ashenzari
Cheibriados
Dithmenos
Elyvilon
Fedhas
Gozag
Hepliaklqana
Kikubaaqudgha
Makhleb
Nemelex Xobeh
Okawaru
Qazlal
Ru
Sif Muna
Trog
Uskayaw
Vehumet
Wu Jian
Xom
Yredelemnul
Zin
The Shining One

Shops:
D:4 }   D:6 ?   D:10 [   D:11 [


Innate Abilities, Weirdness & Mutations

You have a beak for a mouth.
You have claws for feet.
You can fly continuously.


Message History

Press: ? - help, Shift-Dir - straight line You hear a mighty clap of thunder!
The bolt of lightning hits the warg!
The warg is almost dead.
The bolt of lightning hits the warg!
You kill the warg!
Vehumet accepts your kill.
You feel your power returning. The warg misses you. The warg bites you.
* * * LOW HITPOINT WARNING * * *
Casting: Lightning Bolt (dangerous; 1% risk of failure)
Confirm with . or Enter, or press ? or * to list all spells.
Aiming: Lightning Bolt (dangerous; 1% risk of failure)
Press: ? - help, Shift-Dir - straight line You hear a mighty clap of thunder!
The bolt of lightning hits the orc warrior!
You kill the orc warrior!
Vehumet accepts your kill.
Your Armour skill increases to level 2!
The warg bites you!
You die...

## .## ###
...##
##.####....#
#...#.......
#@h........
##)#)......
#..<...#.
##..)..#
......#.#
#.#.......#
#####.....
#......
......


You could see a warg.

Vanquished Creatures
  Pikel (D:6)
  A cyclops (D:11)
  A deep elf mage (D:9)
  2 ugly things (D:11)
  A manticore (D:11)
  A komodo dragon (D:12)
  A troll (D:11)
  A queen bee (D:10)
  Grinder (D:4)
  2 hippogriffs
  A hornet (D:9)
  A wraith (D:12)
  A shadow (D:11)
  6 yaks (D:10)
  A hungry ghost (D:7)
  Menkaure (D:4)
  A warg (Orc:1)
  A soldier ant (D:9)
  3 ice beasts
  5 sky beasts
  5 orc warriors
  3 black bears
  5 ogres
  A phantom (D:6)
  A centaur (D:5)
  A crocodile (D:11)
  2 big kobolds
  5 bullfrogs
  A wyvern skeleton (D:10)
  A water moccasin skeleton (D:9)
  4 scorpions
  3 wights (D:11)
  23 killer bees
  6 crimson imps
  4 jellies
  4 hounds
  8 orc priests
  3 bullfrog skeletons
  2 centaur skeletons (D:11)
  4 iguanas
  11 orc wizards
  13 worker ants
  A hell rat (D:9)
  A hound zombie (D:7)
  A hound skeleton (D:9)
  Robin (D:4)
  4 gnolls (D:10)
  13 adders
  4 river rats
  A shadow imp (D:5)
  4 oozes
  7 worms
  A dart slug (D:5)
  12 leopard geckos
  46 orcs
  A ball python (Sewer)
  20 bats
  7 giant cockroaches
  27 goblins
  11 hobgoblins
  24 jackals
  5 quokkas
  6 frilled lizards
  A jackal skeleton (D:3)
  23 kobolds
  A leopard gecko skeleton (D:5)
  A quokka skeleton (D:8)
  A quokka zombie (D:9)
  8 rats
375 creatures vanquished.

Vanquished Creatures (others)
  A jelly (D:6)
  A hound skeleton (D:6)
  An adder zombie (D:6)
3 creatures vanquished.

Grand Total: 378 creatures vanquished

Notes
Turn   | Place    | Note
-------+----------+-------------------------------------------
     0 | D:1      | DogServant the Tengu Air Elementalist began the quest for
                  | the Orb.
     0 | D:1      | Reached XP level 1. HP: 10/10 MP: 4/4
   273 | D:1      | Reached XP level 2. HP: 15/15 MP: 0/6
   883 | D:1      | Reached XP level 3. HP: 20/20 MP: 5/7
  1633 | D:1      | Reached skill level 1 in Fighting
  2194 | D:2      | Reached XP level 4. HP: 23/25 MP: 4/8
  2543 | D:2      | Noticed a bullfrog
  2629 | D:3      | Reached skill level 5 in Air Magic
  3016 | D:3      | Learned a level 3 spell: Static Discharge
  3019 | D:3      | Learned a level 2 spell: Swiftness
  3503 | D:4      | Gained mutation: You can fly continuously. [Tengu growth]
  3503 | D:4      | Reached XP level 5. HP: 27/29 MP: 6/10
  3579 | D:4      | Noticed Grinder
  3579 | D:4      | Paralysed by Grinder for 5 turns
  3593 | D:4      | Paralysed by Grinder for 6 turns
  3815 | D:4      | Found Ubuqaumn's Gadget Shoppe.
  3987 | D:4      | Learned a level 4 spell: Airstrike
  4006 | D:4      | Noticed Menkaure
  4033 | D:4      | Killed Menkaure
  4033 | D:4      | Reached skill level 5 in Conjurations
  4033 | D:4      | Reached skill level 6 in Air Magic
  4033 | D:4      | Reached XP level 6. HP: 17/34 MP: 0/11
  4071 | D:4      | Killed Grinder
  4071 | D:4      | Reached skill level 7 in Air Magic
  4071 | D:4      | Reached XP level 7. HP: 35/38 MP: 4/12
  4255 | D:4      | Found a shadowy altar of Dithmenos.
  4554 | D:4      | Found a blossoming altar of Fedhas.
  4555 | D:4      | Found a shadowy altar of Dithmenos.
  4667 | D:4      | Found a hide-covered altar of Uskayaw.
  5023 | D:4      | Noticed Robin
  5079 | D:4      | Killed Robin
  5181 | D:4      | Found an ancient bone altar of Kikubaaqudgha.
  5291 | D:5      | Entered Level 5 of the Dungeon
  5299 | D:5      | Reached skill level 8 in Air Magic
  5657 | D:5      | Reached XP level 8. HP: 41/45 MP: 13/13
  6031 | D:5      | Found a staircase to the Ecumenical Temple.
  6078 | Temple   | Entered the Ecumenical Temple
  6083 | Temple   | Became a worshipper of Vehumet
  6990 | D:5      | Learned a level 3 spell: Conjure Flame
  7155 | D:6      | Reached skill level 9 in Air Magic
  7345 | D:6      | Reached skill level 10 in Air Magic
  7565 | D:6      | Found a glowing drain.
  7569 | Sewer    | Entered a sewer
  7674 | Sewer    | Reached * piety under Vehumet
  7674 | Sewer    | Offered knowledge of Sandblast by Vehumet.
  8232 | D:6      | Reached XP level 9. HP: 52/52 MP: 14/14
  8234 | D:6      | Reached skill level 11 in Air Magic
  8239 | D:6      | Found Morranom's Magic Scroll Shop.
  8247 | D:6      | Noticed Pikel
  8251 | D:6      | Killed Pikel
  8986 | D:7      | Offered knowledge of Foxfire by Vehumet.
  9080 | D:7      | Reached ** piety under Vehumet
  9303 | D:2      | Reached skill level 5 in Fighting
  9862 | D:7      | Found a shimmering blue altar of Sif Muna.
 10256 | D:8      | Got a bound marble ring
 10274 | D:8      | Reached skill level 1 in Staves
 10623 | D:8      | Offered knowledge of Inner Flame by Vehumet.
 10752 | D:8      | Found an opulent altar of Gozag.
 10870 | D:8      | Found a shimmering altar of Xom.
 10879 | D:8      | Reached XP level 10. HP: 58/59 MP: 18/18
 11143 | D:8      | Reached *** piety under Vehumet
 11252 | D:8      | Learned a level 3 spell: Inner Flame
 11255 | D:8      | Identified the ring of Cues {*Tele rPois rN++ Slay-2 SInv}
                  | (You found it on level 8 of the Dungeon)
 11329 | D:9      | Reached skill level 5 in Spellcasting
 11494 | D:9      | Offered knowledge of Ignite Poison by Vehumet.
 11550 | D:9      | Found a staircase to the Lair.
 11552 | D:9      | Noticed a death yak
 11552 | D:9      | Noticed a death yak
 11588 | D:9      | Learned a level 5 spell: Lightning Bolt
 11669 | D:9      | Found a snail-covered altar of Cheibriados.
 11786 | D:9      | Reached skill level 5 in Fire Magic
 11900 | D:9      | Noticed a deep elf mage
 11912 | D:9      | Killed a deep elf mage
 12515 | D:9      | Noticed a death yak
 12519 | D:10     | Entered Level 10 of the Dungeon
 12556 | D:10     | Reached **** piety under Vehumet
 12582 | D:10     | Reached skill level 1 in Evocations
 12721 | D:10     | Offered knowledge of Iskenderun's Battlesphere by Vehumet.
 13336 | D:10     | Found Icri's Armour Shoppe.
 13449 | D:10     | Reached XP level 11. HP: 29/64 MP: 8/21
 13747 | D:10     | Found a shimmering blue altar of Sif Muna.
 13803 | D:10     | Identified Sif Muna's Tome of Creation
 13987 | D:10     | Reached ***** piety under Vehumet
 14127 | D:10     | Reached skill level 12 in Air Magic
 14127 | D:10     | Offered knowledge of Freezing Cloud by Vehumet.
 14436 | D:11     | Noticed a cyan ugly thing
 14470 | D:11     | Noticed a cyan ugly thing
 14608 | D:11     | Killed a cyan ugly thing
 14857 | D:11     | Found Fugik's Antique Armour Boutique.
 14857 | D:11     | Noticed a cyclops
 14864 | D:11     | Killed a cyclops
 14864 | D:11     | Reached skill level 10 in Conjurations
 14962 | D:11     | Noticed a manticore
 15169 | D:11     | Killed a manticore
 15169 | D:11     | Reached skill level 5 in Evocations
 15278 | D:11     | Killed a cyan ugly thing
 15564 | D:11     | Bought an opalescent robe for 102 gold pieces
 15574 | D:11     | Identified the +1 robe of Amoaw {rElec Dex-3 Stlth+} (You
                  | bought it in a shop on level 11 of the Dungeon)
 15580 | D:11     | Bought a brightly glowing leather armour for 126 gold
                  | pieces
 15585 | D:11     | Identified the +0 leather armour of the Zebra {Str+2 Int+2}
                  | (You bought it in a shop on level 11 of the Dungeon)
 16200 | D:12     | Reached skill level 1 in Armour
 16279 | D:12     | Reached skill level 1 in Shields
 16297 | D:12     | Found a staircase to the Orcish Mines.
 16587 | D:12     | Reached skill level 13 in Air Magic
 16818 | Orc:1    | Entered Level 1 of the Orcish Mines
 16818 | Orc:1    | Noticed an orc knight
 17011 | Orc:1    | Mangled by a warg

Illustrated notes

Levels and vault maps discovered:
D:1:      wander_arrival_lonely_grave, layout_basic
D:2:      layout_basic
D:3:      layout_rooms, first_ration
D:4:      layout_basic, lemuel_coloured_pillars_altar,
          nicolae_overflow_hidden_temple, serial_shops, shop,
          grunt_dithmenos_smoke, uniq_grinder, uniq_robin, uniq_menkaure
D:5:      layout_basic, temple_green, minmay_fractal_squares_5
D:6:      layout_basic, serial_shops, shop_statue, gup_sewer_entry_spiral,
          uniq_pikel
D:7:      layout_basic, kennysheep_little_box, grunt_ogre_cave
D:8:      layout_basic, kennysheep_mini_moat, nicolae_overflow_crystal_walls,
          corexii_checkpoint_a, chequers_serial_rivers_large_b,
          minmay_microvault
D:9:      minmay_chambers_of_sixes, layout_basic, dpeg_lair_monsters,
          basic_altar
D:10:     layout_loops_cross, serial_shops, nicolae_shop_stone,
          serial_co_window_serial, co_window_corner_a, co_window_paths_a,
          co_window_paths_a, co_window_paths_b, co_window_of_opportunity_a,
          co_window_broadway_b, co_window_broadway_c, co_window_corner_ca,
          co_window_corner_b, co_window_broadway_a, glass_columns_c,
          glass_columns_a, glass_columns_c, glass_columns_c, glass_columns_a,
          special_room [special_room_bee], st_stairs_14, led_sif_book
D:11:     layout_rooms, serial_shops, nicolae_shop_waterfront
D:12:     layout_roguey, orc_0_dummy
Temple:   minmay_freezing_vapour_temple
Orc:1:    layout_diamond_mine, nicolae_volcano_entry_two_sided

Skill      XL: |  1  2  3  4  5  6  7  8  9 10 11 |
---------------+----------------------------------+-----
Conjurations   | 2 3 5 6 8 9 10 | 10.9
Fighting       | 1 2 4 5 6 |  6.0
Air Magic      | 5 6 7 8 10 11 13 | 13.0
Spellcasting   | 3 4 6 |  6.3
Dodging        | 3 4 |  4.2
Fire Magic     | 4 6 |  6.2
Staves         | 2 3 |  3.0
Evocations     | 3 5 |  5.4
Armour         | 2 |  2.0
Shields        | 1 |  1.8
Stealth        | |  2.0

Action                   |  1- 3 |  4- 6 |  7- 9 | 10-12 || total
-------------------------+-------+-------+-------+-------++-------
Melee: Unarmed           |    18 |       |       |       ||    18
       Peck              |     3 |     4 |    22 |    20 ||    49
       Kick              |     2 |     4 |    32 |    31 ||    69
       Short sword       |       |    31 |       |       ||    31
       Quarterstaff      |       |    11 |   168 |   122 ||   301
Throw: Javelin           |     6 |     9 |       |       ||    15
       Throwing net      |     2 |     2 |       |       ||     4
 Cast: Shock             |    72 |    70 |   159 |    85 ||   386
       Static Discharge  |       |     6 |     3 |     2 ||    11
       Swiftness         |       |     2 |     3 |     3 ||     8
       Airstrike         |       |       |    46 |   118 ||   164
       Conjure Flame     |       |       |     1 |       ||     1
       Lightning Bolt    |       |       |       |    34 ||    34
 Abil: Fly               |       |     1 |       |       ||     1
  Use: Scroll            |     1 |     6 |     3 |    19 ||    29
       Potion            |       |     2 |       |     2 ||     4
 Stab: Sleeping          |       |     1 |     8 |     2 ||    11
       Distracted        |       |       |       |     2 ||     2
  Eat: Chunk             |     2 |     5 |    20 |    17 ||    44
       Ration            |     1 |       |     3 |     8 ||    12
Armor: Robe              |    25 |    18 |    53 |    36 ||   132
       Skin              |       |    18 |       |       ||    18
       Leather armour    |       |       |       |     2 ||     2
Dodge: Dodged            |    58 |    83 |   195 |   143 ||   479
